 Dungeon Crawl Stone Soup version 0.26-a0-712-ga5a9c9c9d0 (webtiles) character file.

Game seed: 6931086273260508652

334 jasper the Digger (level 6, -6/41 HPs)
             Began as a Demonspawn Earth Elementalist on Nov 1, 2020.
             Killed from afar by Sigmund (12 damage)
             ... with a puff of flame
             ... on level 4 of the Dungeon.
             The game lasted 00:03:44 (3162 turns).

jasper the Digger (Demonspawn Earth Elementalist)   Turns: 3162, Time: 00:03:44

Health: -6/41      AC:  4    Str:  8    XL:     6   Next: 27%
Magic:  9/9        EV: 11    Int: 18    God:
Gold:   260        SH:  0    Dex: 14    Spells: 3/9 levels left

rFire    . . .     SeeInvis .   i - +0 falchion (freeze)
rCold    . . .     Faith    .   (no shield)
rNeg     . . .     Spirit   .   e - +0 leather armour {rPois}
rPois    +         Reflect  .   s - +0 helmet
rElec    .         Harm     .   (no cloak)
rCorr    .         Rampage  .   (no gloves)
MR       .....                  (no boots)
Stlth    +.........             h - amulet of regeneration
HPRegen  0.53/turn              (no ring)
MPRegen  0.11/turn              (no ring)

@: stab
A: hooves 2, powered by death 2, spiny 1
a: no special abilities


You were on level 4 of the Dungeon.
You visited 1 branch of the dungeon, and saw 4 of its levels.

You collected 260 gold pieces.

Inventory:

Hand Weapons
 i - a +0 falchion of freezing (weapon)
Missiles
 b - 136 stones
 j - a throwing net
 p - 46 poisoned darts (quivered)
Armour
 c - a +0 robe
 e - a +0 leather armour of poison resistance (worn)
 s - a +0 helmet (worn)
Jewellery
 h - an amulet of regeneration (around neck)
Scrolls
 d - 3 scrolls of remove curse {unknown}
 f - a scroll of enchant armour {unknown}
 g - 10 scrolls of identify {unknown}
 l - 2 scrolls of magic mapping {unknown}
 m - a scroll of fear {unknown}
 n - a scroll of enchant weapon {unknown}
 q - 3 scrolls of teleportation {unknown}
 u - 2 scrolls of fog {unknown}
 v - a scroll of amnesia {unknown}
 x - a scroll of noise {unknown}
Potions
 o - a potion of curing {unknown}
 r - a potion of flight {unknown}
 t - a potion of might {unknown}
 w - a potion of invisibility {unknown}


   Skills:
 - Level 1.7 Dodging
 - Level 1.7 Stealth
 - Level 2.0 Spellcasting
 - Level 0.8 Transmutations
 + Level 6.5 Earth Magic


You had 3 spell levels left.
You knew the following spells:

 Your Spells              Type           Power        Failure   Level
a - Sandblast             Erth           ####..       1%          1
b - Passwall              Tmut/Erth      ###.....     9%          2
c - Stone Arrow           Conj/Erth      ##....       21%         3

Your spell library contained the following spells:

 Spells                   Type           Power        Failure   Level
 Lee's Rapid Deconstruct  Erth           ####......   45%         5
 Petrify                  Tmut/Erth      ###.....     50%         4


Dungeon Overview and Level Annotations

Branches:
Dungeon (4/15)
 Temple: D:4-7

Altars:
Dithmenos
Trog

Annotations:
D:4 Sigmund


Innate Abilities, Weirdness & Mutations

You have hoof-like feet.
You regenerate health from kills.
You are partially covered in sharp spines.


Message History

Okay, then.
Sigmund says, "Your kind have come here before.
I understand now why.
You desire death..."
Sigmund casts a spell at you.
You are confused.
Sigmund points at you and mumbles some strange words.
You are more confused.
It was a potion of cancellation.
Your magical effects are unravelling.
You feel magically purged.
You feel less confused.
Sigmund hits you from afar with a +3 scythe of flaming!
* * * LOW HITPOINT WARNING * * *
Sigmund burns you.
* * * LOW HITPOINT WARNING * * *
You take 16 damage, and have 4/41 hp.
MASSIVE DAMAGE!!
It was a potion of stabbing.
You feel ready to backstab. Sigmund barely misses you.
Sigmund zaps a wand.
The puff of flame hits you!
You die...

##......
#.......
#.......
#.......
#.......
###### .J
#.......
#....## .#
#####...
#.....# #.#
####
#....@##..
#......#.#
##@....#.#
##......#
#####.##
#..# #..#
#######.##
#........##
###.


You could see Sigmund.

Vanquished Creatures
  Purgy (D:3)
  A centaur skeleton (D:3)
  2 worker ants (D:4)
  Robin (D:2)
  4 gnolls (D:3)
  5 adders
  A worm (D:2)
  A leopard gecko (D:3)
  8 orcs
  5 giant cockroaches
  2 hobgoblins
  2 bats
  3 frilled lizards
  14 goblins
  A jackal skeleton (D:4)
  4 kobolds
  8 rats
63 creatures vanquished.

Notes
Turn   | Place    | Note
-------+----------+-------------------------------------------
     0 | D:1      | jasper the Demonspawn Earth Elementalist began the quest
                  | for the Orb.
     0 | D:1      | Reached XP level 1. HP: 13/13 MP: 3/3
   561 | D:1      | Reached skill level 3 in Earth Magic
   998 | D:1      | Gained mutation: You regenerate a little health from kills.
                  | [demonic ancestry]
   998 | D:1      | Reached XP level 2. HP: 19/19 MP: 5/5
  1158 | D:2      | Found a shadowy altar of Dithmenos.
  1465 | D:2      | You fall into a shaft and drop 1 floor!
  1477 | D:3      | Reached skill level 4 in Earth Magic
  1477 | D:3      | Gained mutation: You have large cloven feet. [demonic
                  | ancestry]
  1477 | D:3      | Reached XP level 3. HP: 18/24 MP: 0/6
  1582 | D:3      | Gained mutation: You are partially covered in sharp spines.
                  | [demonic ancestry]
  1582 | D:3      | Reached XP level 4. HP: 30/30 MP: 4/7
  1791 | D:2      | Reached skill level 5 in Earth Magic
  2069 | D:2      | Noticed Robin
  2079 | D:2      | Killed Robin
  2092 | D:2      | Learned a level 2 spell: Passwall
  2096 | D:2      | Learned a level 3 spell: Stone Arrow
  2436 | D:3      | Gained mutation: You regenerate health from kills. [demonic
                  | ancestry]
  2436 | D:3      | Reached XP level 5. HP: 35/35 MP: 8/8
  2685 | D:3      | Noticed Purgy
  2707 | D:3      | Killed Purgy
  2707 | D:3      | Reached skill level 6 in Earth Magic
  2707 | D:3      | Gained mutation: You have hoof-like feet. [demonic
                  | ancestry]
  2707 | D:3      | Reached XP level 6. HP: 33/41 MP: 5/9
  2860 | D:4      | Found a bloodstained altar of Trog.
  3151 | D:4      | Noticed Sigmund
  3162 | D:4      | Killed from afar by Sigmund

Illustrated notes

Levels and vault maps discovered:
D:1:      dpeg_arrival_solitude, layout_basic, columned_hall_lemuel
D:2:      layout_basic, nicolae_dithmenos_shadow_blocks, uniq_robin
D:3:      layout_basic, uniq_purgy
D:4:      layout_cave_pods, trog_three_pillars_becter, uniq_sigmund

Skill      XL: |  1  2  3  4  5 |
---------------+----------------+-----
Earth Magic    | 3 4 5 6 |  6.5
Dodging        | |  1.7
Stealth        | |  1.7
Spellcasting   | |  2.0
Transmutations | |  0.8

Action                   |  1- 3 |  4- 6 || total
-------------------------+-------+-------++-------
Melee: Unarmed           |    19 |    11 ||    30
       Kick              |     1 |    21 ||    22
       Falchion          |       |    69 ||    69
Throw: Dart              |    30 |    23 ||    53
       Stone             |     1 |     2 ||     3
 Cast: Sandblast         |    26 |     7 ||    33
  Use: Potion            |       |     2 ||     2
Armor: Leather armour    |     6 |    29 ||    35
Dodge: Dodged            |    11 |    64 ||    75
       Rpst.: Falchion   |       |    20 ||    20

Table legend: (Time is in decaauts)
 A = Elapsed time spent in this place.
 B = Non-inter-level travel time spent in this place.
 C = Inter-level travel time spent in this place.
 D = Time resting spent in this place.
 E = Time spent auto-exploring this place.
 F = Levels seen in this place.
 G = Mean time per level.
                   A        B        C        D        E       F      G
               +--------+--------+--------+--------+--------+-----+--------+
         Total |   3182 |   3108 |     74 |     45 |   2615 |   4 |  795.5 |
       Dungeon |   3182 |   3108 |     74 |     45 |   2615 |   4 |  795.5 |
               +--------+--------+--------+--------+--------+-----+--------+

Top non-repeatable levels by time:
     D:2: 1133 daAuts
     D:1: 1131 daAuts
     D:3: 578 daAuts
     D:4: 339 daAuts
